 Dungeon Crawl Stone Soup version 0.19-a0-1068-g99dd0f4 (webtiles) character file.

49 Gruud the Grave Robber (level 3, -1/24 HPs)
             Began as a Demonspawn Necromancer on Aug 4, 2016.
             Slain by an adder (2 damage)
             ... on level 2 of the Dungeon.
             The game lasted 00:05:17 (1623 turns).

Gruud the Grave Robber (Demonspawn Necromancer)     Turns: 1623, Time: 00:05:18

Health: -1/24      AC:  2    Str: 10    XL:     3   Next: 53%
Magic:  0/15       EV: 12    Int: 16    God:
Gold:   110        SH:  0    Dex: 14    Spells: 3 memorised, 1 level left

rFire  . . .     SeeInvis .       - Unarmed
rCold  . . .     Gourm    .     a - +0 robe
rNeg   . . .     Faith    .     (no shield)
rPois  .         Spirit   .     (helmet restricted)
rElec  .         Dismiss  .     (no cloak)
rCorr  .         Reflect  .     (no gloves)
SustAt .         Harm     .     (no boots)
MR     .....                    (no amulet)
Stlth  ++........               (no ring)
                                f - ring of magical power

@: lethally poisoned (-1 -> -8), very slightly contaminated
A: antennae 1, talons 1, strong 1
a: no special abilities


You were on level 2 of the Dungeon.
You were hungry.

You visited 1 branch of the dungeon, and saw 2 of its levels.

You collected 110 gold pieces.

Inventory:

Missiles
 d - 6 poisoned needles
Armour
 a - a +0 robe (worn)
Jewellery
 f - a ring of magical power (left hand)
Potions
 e - a potion of mutation
 h - a potion of cure mutation {unknown}
 j - a potion of agility {unknown}
 l - a potion of might {unknown}
Books
 b - a book of Necromancy

   Spells                             Type                      Level
   a - Pain                           Necromancy                   1
   b - Animate Skeleton               Necromancy                   1
   c - Vampiric Draining              Necromancy                   3
   d - Regeneration                   Charms/Necromancy            3
   e - Animate Dead                   Necromancy                   4
   f - Control Undead                 Necromancy                   4
Comestibles
 c - a bread ration
 g - 2 meat rations
 i - a fruit
 k - 3 chunks of flesh


   Skills:
 - Level 1.7 Dodging
 - Level 1.7 Stealth
 + Level 1.1 Unarmed Combat
 - Level 2.0 Spellcasting
 * Level 5.5 Necromancy


You had one spell level left.
You knew the following spells:

 Your Spells              Type           Power        Failure   Level  Hunger
a - Pain                  Necr           ###.         1%          1    #......
b - Animate Skeleton      Necr           N/A          1%          1    #......
c - Vampiric Draining     Necr           ###.......   8%          3    ###....


Dungeon Overview and Level Annotations

Branches:
Dungeon (2/15)

Altars:


Innate Abilities, Weirdness & Mutations

You have sharp toenails.
You have a pair of small antennae on your head.
Your muscles are strong. (Str +2)


Message History

You feel sick. The adder closely misses you.
Casting: Pain
Confirm with . or Enter, or press ? or * to list all spells.
Aiming: Pain
Press: ? - help, Shift-Dir - straight line, f/p - adder
Aim: an adder (almost dead, chance to defeat MR: 84%)
The adder barely resists.
* * * LOW HITPOINT WARNING * * *
You feel sick. The adder barely misses you.
Casting: Pain
Confirm with . or Enter, or press ? or * to list all spells.
Aiming: Pain
Press: ? - help, Shift-Dir - straight line, f/p - adder
Aim: an adder (almost dead, chance to defeat MR: 84%)
The adder convulses in agony!
The adder misses you.
It was a potion of mutation.
You feel extremely strange. A pair of antennae grows on your head!
You feel stronger.
* * * LOW HITPOINT WARNING * * *
You feel sick. The adder bites you.
You die...

#...#.#.#.⌠...⌠
#...#.#..#.♣.♣
#..........)...
#.....##.$#.###
#.....+ ..# #
###.....##...>
..........#...##
#......#+#S##..#
#......# #@# ..#
#......# ###
#...... #......
....


You could see an adder.

Vanquished Creatures
  2 adders (D:2)
  A dart slug (D:1)
  2 giant geckos (D:1)
  3 hobgoblins (D:1)
  2 jackals (D:1)
  2 kobolds (D:1)
  6 bats (D:1)
  12 giant newts (D:1)
  4 rats
34 creatures vanquished.

Notes
Turn   | Place    | Note
-------+----------+-------------------------------------------
     0 | D:1      | Gruud the Demonspawn Necromancer began the quest for the Orb.
     0 | D:1      | Reached XP level 1. HP: 13/13 MP: 3/3
     2 | D:1      | Learned a level 1 spell: Animate Skeleton
   628 | D:1      | Gained mutation: You have sharp toenails. [demonic ancestry]
   628 | D:1      | Reached XP level 2. HP: 17/19 MP: 0/5
   757 | D:1      | Reached skill level 5 in Necromancy
  1296 | D:1      | Reached XP level 3. HP: 13/24 MP: 5/6
  1325 | D:1      | Learned a level 3 spell: Vampiric Draining
  1552 | D:2      | Reached skill level 1 in Unarmed Combat
  1623 | D:2      | Gained mutation: You have a pair of small antennae on your head. [potion of mutation]
  1623 | D:2      | Gained mutation: Your muscles are strong. (Str +2) [potion of mutation]
  1623 | D:2      | HP: 1/24 [poisoned by an adder]
  1623 | D:2      | Slain by an adder

Vault maps used:
D:1:      nagdon_arrival_double_spiral, minmay_newt_pond
D:2:      kennysheep_big_flooded_room, amethyst_overflow_temple_binary,
          kennysheep_crisscross

Skill      XL: |  1  2  3 |
---------------+----------+-----
Necromancy     | 5 |  5.5
Unarmed Combat | 1 |  1.1
Dodging        | |  1.7
Stealth        | |  1.7
Spellcasting   | |  2.0

Action                   || total
-------------------------++-------
Melee: Unarmed           ||    10
 Cast: Pain              ||    59
       Animate Skeleton  ||     2
       Vampiric Draining ||     3
  Use: Scroll            ||     2
       Potion            ||     1
  Eat: Chunk             ||     3
Armor: Robe              ||     9
Dodge: Dodged            ||    26
